[Event "*** Titled Tuesday Blitz"]
[Site "Chess.com"]
[Date "2018.05.01"]
[Round "4"]
[White "Cruel_Yaro"]
[Black "LikeWater"]
[Result "1-0"]
[WhiteElo "2646"]
[BlackElo "2505"]
[TimeControl "180+2"]
[EndTime "13:54:23 PDT"]
[Termination "Cruel_Yaro won by resignation"]

1. a3 g6 2. e4 Bg7 3. d4 d6 4.
Nc3 a6 5. f4 b5 6. Nf3 Bb7 7.
Bd3 Nd7 8. e5 c5 9. Be4 Qc8 10.
dxc5 Bxe4 11. Nxe4 dxe5 12. b4 exf4 13. Bxf4 Qc6 14.
Ng3 Qf6 15. Qd5 Rd8 16. Rd1 Qxf4 17. c6 Qe3+ 18. Kf1 Ngf6 19. cxd7+ Nxd7 20. Qb7 h5 21. Rd3 Qc1+ 22. Ne1 h4 23. Ne2 Qg5 24. Nf3 Qf5 25.
Kf2 O-O 26. Rhd1 e5 27. Rxd7 Rde8 28. R7d5 Qxc2 29. R1d2 Qc4 30. Rc5 Qb3 31. Qd5 Qxa3 32. Ng5 e4 33. Nxe4 h3 34. gxh3 Qxb4 35. N2g3 Qb1 36.
Rc7 Qa1 37. Kg2 Qe5 38. Qb7 Kh8 39. Rcd7 f5 40. Ng5 Qc3 41. Rf2 f4 42. Nf7+ Rxf7 43. Rxf7 fxg3 44. hxg3 Qe5 45. Qxa6 Qe4+ 46. Kh2 b4 47. Qb5 Rd8 48. R7f4 Qa8 49. Qxb4 Rd1 50. Rh4+ Kg8 51. Qb3+ Qd5 52. Qxd5+ Rxd5 53. Rg4 Kh7 54. h4 Kh6 55. Re4 Rd3 56. Re6 Bd4 57. Rfe2 Rf3 58. Kg2 Rf7 59. Kh3 Kg7 60. Kg4 Ra7 61. Rd6 Bf6 62. Ree6 Rf7 63. Kh3 Rf8 64. g4 Rf7 65. g5 Be7 66. Rxg6+ Kf8 67. Rd3 Rf1 68. Kg4 Kf7 69. Ra6 Rg1+ 70. Rg3 Rh1 71. Rf3+ Ke8 72. Re6 Kd7 73. Re2 1-0

[Event "*** Titled Tuesday Blitz"]
[Site "Chess.com"]
[Date "2018.05.01"]
[Round "4"]
[White "Annawel"]
[Black "GrigorGrigorov"]
[Result "0-1"]
[WhiteElo "2790"]
[BlackElo "2665"]
[TimeControl "180+2"]
[EndTime "13:54:25 PDT"]
[Termination "GrigorGrigorov won by resignation"]

1. e4 d5 2. exd5 Qxd5 3. Nc3 Qd8 4. Nf3 Bg4 5. d4 Nf6 6. Be2 c6 7. O-O e6 8. a3 Nbd7 9. Re1 Be7 10. Bf4 O-O 11. Qd2 Nd5 12. Bg3 N7b6 13. h3 Bxf3 14. Bxf3 Nc4 15. Qe2 Nxb2 16. Ne4 b5 17. a4 a6 18. Nd2 Bb4 19. Rec1 Bc3 20. Ne4 Nxa4 21. Nxc3 Naxc3 22. Qd3 a5 23. h4 a4 24. h5 h6 25. Re1 b4 26. Be5 Qg5 27. Bd6 Rfb8 28. Re5 Qd8 29. Bxb8 Qxb8 30. Qc4 b3 31. cxb3 a3 32.
Bxd5 Nxd5 33. Ree1 Qb6 34. g3 Ra5 35. Rec1 Ra6 36. b4 Ra4 37. Qxc6 Qxc6 38. Rxc6 Nxb4 39. Rc8+ Kh7 40. Rc4 a2 41. Kg2 Kg8 42. Rc8+ Kh7 43. Rc4 g6 44. Rc7 Kg7 45. hxg6 Kxg6 46. Rc5 Ra3 47.
Rc4 Rb3 48. d5 Rb1 49. Rxb4 Rxa1 50. Rg4+ Kf5 51. Rf4+ Ke5 52. Ra4 exd5 53. Kf3 d4 54. Ra5+ Kd6 55. Ra8 d3 56. Ra6+ Kc5 57. Ra8 d2 58.
Rc8+ Kb6 59. Rb8+ Kc7 0-1

[Event "*** Titled Tuesday Blitz"]
[Site "Chess.com"]
[Date "2018.05.01"]
[Round "4"]
[White "Eliwood44"]
[Black "dukicz123"]
[Result "1/2-1/2"]
[WhiteElo "2166"]
[BlackElo "2327"]
[TimeControl "180+2"]
[EndTime "13:54:25 PDT"]
[Termination "Game drawn - insufficient material"]

1. d4 Nf6 2. Nf3 g6 3. Nc3 d5 4.
Bf4 Bg7 5. Nb5 Na6 6. e3 O-O 7. h3 c6 8. Na3 Qb6 9. Rb1 c5 10. c3 Bf5 11. Bd3 Bxd3 12. Qxd3 Nc7 13. O-O Ne6 14. Bh2 Ne4 15. Rfd1 Rfd8 16. Be5 f6 17.
Bh2 Rac8 18. Qb5 Qxb5 19. Nxb5 a6 20. Na3 cxd4 21. Nxd4 Nxd4 22. Rxd4 e6 23. Rdd1 Kf7 24. Nc2 b5 25. Nd4 Rc4 26. Ra1 Rdc8 27. a3 Bf8 28. f3 Nd6 29. Kf2 R4c5 30. Nb3 R5c6 31. Rab1 Nc4 32.
Bf4 Be7 33. Ke2 Bd8 34. Nd2 Nb6 35. e4 dxe4 36. Nxe4 e5 37. Be3 Be7 38. Bxb6 Rxb6 39. Rd7 Ke6 40. Rbd1 f5 41. Nf2 a5 42. Ra7 b4 43.
Rxa5 bxc3 44. bxc3 Rxc3 45. Nd3 Rbb3 46. Ra6+ Bd6 47.
Nc5+ Rxc5 48. Raxd6+ Kf7 49. Rd7+ Kf6 50. h4 Rc2+ 51. Kf1 Rc6 52. R1d6+ Rxd6 53. Rxd6+ Kg7 54. Ra6 Kh6 55. Ra7 Rb2 56. a4 Ra2 57. g3 g5 58.
hxg5+ Kxg5 59. Rxh7 Rxa4 60. Re7 Kf6 61. Rb7 Ra2 62. Rb6+ Kg5 63. Re6 Ra1+ 64. Kf2 Ra2+ 65. Ke1 Ra3 66. Ke2 Ra2+ 67. Kf1 Ra5 68. Kg2 f4 69. Re8 Ra2+ 70. Kh3 fxg3 71. Kxg3 Ra5 72. Re6 Kf5 73. Re8 Kg5 74. Rxe5+ Rxe5 75. f4+ Kf5 76.
fxe5 Kxe5 1/2-1/2

[Event "*** Titled Tuesday Blitz"]
[Site "Chess.com"]
[Date "2018.05.01"]
[Round "4"]
[White "DanielNaroditsky"]
[Black "Sven_Tica"]
[Result "1-0"]
[WhiteElo "2814"]
[BlackElo "2635"]
[TimeControl "180+2"]
[EndTime "13:54:28 PDT"]
[Termination "DanielNaroditsky won by resignation"]

1. b3 c5 2. Bb2 Nc6 3. e3 d6 4. f4 Nf6 5. Nf3 g6 6. Be2 Bg7 7. O-O O-O 8. Qe1 Bg4 9. h3 Bxf3 10.
Bxf3 e6 11. Nc3 d5 12. Ne2 Nb4 13. Qb1 Ne4 14. Bxg7 Kxg7 15. Bxe4 dxe4 16. Qb2+ f6 17. Rad1 Nd5 18. Ng3 Qb6 19. Nxe4 c4 20. Rb1 cxb3 21. axb3 Rac8 22. c4 Ne7 23. c5 Qb4 24. Ng5 Rc6 25.
Rfc1 Rd8 26. d4 Nd5 27. Ne4 Nxe3 28. Nd6 Nf5 29. Rc4 Qa5 30. Nxb7 Qc7 31. Nxd8 Qxd8 32. Re1 Qd5 33. Ra4 Rc7 34. Qf2 Qxb3 35. Ra6 Re7 36.
g4 Ng3 37. Kg2 Qb7+ 38. d5 Qxa6 39. d6 Rb7 40. Kxg3 Rb3+ 41. Re3 Rxe3+ 42. Qxe3 Kf7 43. d7 Ke7 44. Qd4 Kd8 45. Qxf6+ Kxd7 46. Qf7+ Kd8 47. Qg8+ Kd7 48. Qxh7+ Kc6 49. Qxg6 Kxc5 50. g5 Qf1 51. Qc2+ Kd6 52. Qd2+ Ke7 53. Qb4+ Kf7 54. Qb7+ Kg6 55. Qe4+ Kg7 56. Qe5+ Kf7 57. Qf6+ Kg8 58. Qxe6+ Kg7 59.
Qe7+ Kg8 60. Qxa7 Qd3+ 61. Kg4 Qe2+ 62. Kf5 Qd3+ 63. Kg4 Qe2+ 64. Kg3 Qd3+ 65. Kh4 Qf3 66. Qb8+ Kg7 67. Qe5+ Kg8 68. Qe6+ Kg7 69. Qg4 Qf2+ 70. Kh5 Qa7 71. Qe6 Qf2 72. Qf6+ Kh7 73. g6+ 1-0

[Event "*** Titled Tuesday Blitz"]
[Site "Chess.com"]
[Date "2018.05.01"]
[Round "4"]
[White "alturas_pacificas"]
[Black "savinspm"]
[Result "1-0"]
[WhiteElo "2154"]
[BlackElo "1982"]
[TimeControl "180+2"]
[EndTime "13:54:30 PDT"]
[Termination "alturas_pacificas won by checkmate"]

1. d4 Nf6 2. Bf4 e6 3. e3 Be7 4. Nd2 c5 5. c3 b6 6. h3 Bb7 7. Ngf3 d6 8. Bh2 O-O 9. Bd3 cxd4 10. exd4 Nbd7 11. O-O Qc7 12. Re1 Rfe8 13. Qe2 Bf8 14. Ba6 Bxa6 15. Qxa6 Rac8 16. a4 Nb8 17. Qb5 Qc6 18. Qd3 a5 19. Bg3 Nbd7 20. Ng5 h6 21. Nge4 d5 22. Nxf6+ Nxf6 23. Be5 Nd7 24. Bg3 Bd6 25. Bxd6 Qxd6 26. Nf3 Rc7 27. Ne5 Nxe5 28. dxe5 Qc5 29. Qe3 Qxe3 30. Rxe3 Rec8 31. Kf1 Rc4 32. Ke2 d4 33. cxd4 Rxd4 34. Kf3 Rd2 35. b3 Rcc2 36. Rf1 Rd5 37. g4 Kf8 38. Kg3 Ke7 39.
h4 Rd4 40. h5 Kd7 41. Rfe1 Rdd2 42. Rf1 Kc6 43. Rf3 Rd7 44. Re1 Kc5 45. Re4 Kc6 46.
Ref4 Rb2 47. Rxf7 Rxf7 48. Rxf7 Rxb3+ 49. Kh4 b5 50. axb5+ Rxb5 51. Rxg7 Rxe5 52. f4 Re4 53. Kg3 a4 54. g5 a3 55. Ra7 Re3+ 56. Kg4 Kb6 57. Ra8 Kb7 58. Ra4 hxg5 59. fxg5 Kc7 60. h6 Kd7 61. h7 a2 62. Rxa2 Re4+ 63. Kh5 Re1 64. Rh2 Rf1 65. h8=Q Ke7 66. Qg7+ Rf7 67. Qxf7+ Kxf7 68. g6+ Kg7 69. Rf2 e5 70. Rf7+ Kg8 71.
Kh6 e4 72. Ra7 Kf8 73. g7+ Kg8 74. Kg6 e3 75. Rb7 e2 76. Ra7 e1=R 77. Ra8+ Re8 78. Rxe8# 1-0

[Event "*** Titled Tuesday Blitz"]
[Site "Chess.com"]
[Date "2018.05.01"]
[Round "4"]
[White "GoingKronos"]
[Black "bangchess21"]
[Result "0-1"]
[WhiteElo "2372"]
[BlackElo "2510"]
[TimeControl "180+2"]
[EndTime "13:54:36 PDT"]
[Termination "bangchess21 won by resignation"]

1. Nf3 c5 2. e4 g6 3. c3 Bg7 4. d4 cxd4 5. cxd4 d5 6. exd5 Nf6 7. Nc3 O-O 8. Bc4 Nbd7 9. O-O Nb6 10. Bb3 Nbxd5 11.
Re1 b6 12. Bg5 Bb7 13. Ne5 Rc8 14. Qd2 Nxc3 15. bxc3 Ne4 16. Rxe4 Bxe4 17. Re1 Bd5 18. c4 Bb7 19. Bf4 e6 20. Qe3 Qe7 21. Qg3 Rfd8 22.
Rd1 f6 23. Nf3 e5 24. Re1 exf4 25. Rxe7 fxg3 26. Rxb7 gxh2+ 27. Kxh2 Kh8 28. Rxa7 g5 29. Rb7 Rb8 30. Rf7 g4 31. Nh4 Rxd4 32. Rxg7 g3+ 33. Rxg3 Rxh4+ 34. Kg1 Rd4 35. Re3 Rbd8 36. g3 R4d6 37. Kg2 R8d7 38. Rc3 Rc7 39. Re3 Kg7 40. Kf3 Kg6 41. Re8 Kg7 42. Re4 Rc5 43. Re7+ Kg6 44.
Bc2+ f5 45. g4 Kf6 46. Rxh7 fxg4+ 47. Kg2 Rxc4 48. Bb3 Rf4 49. Rh8 Rd2 50. Rf8+ Ke5 51.
Re8+ Kd4 52. Rd8+ Kc3 53. Rc8+ Kb4 54. Kg3 Rdxf2 55. Rc6 R2f3+ 56. Kh4 g3+ 57. Kg5 b5 58. Rc2 Rf2 59. Rc1 g2 60. Rg1 Re4 61. Bd5 Ree2 62. Kg4 Kc5 63. Bf3 Rf1 64. Rxg2 Rxg2+ 65. Bxg2 Rf2 66.
Kg3 Rxa2 67. Kf3 Rxg2 68. Ke3 b4 0-1

[Event "*** Titled Tuesday Blitz"]
[Site "Chess.com"]
[Date "2018.05.01"]
[Round "4"]
[White "BrizuelaRonald"]
[Black "VerdeNotte"]
[Result "0-1"]
[WhiteElo "2513"]
[BlackElo "2630"]
[TimeControl "180+2"]
[EndTime "13:54:47 PDT"]
[Termination "VerdeNotte won by resignation"]

1. d4 Nf6 2. c4 g6 3. Nc3 Bg7 4. e4 d6 5. Nf3 O-O 6. Be2 Nbd7 7. O-O e5 8. Be3 Qe7 9. Qc2 c6 10. Rad1 h6 11. dxe5 dxe5 12. h3 Nh5 13. Rfe1 Nc5 14. Rd2 Ne6 15. Red1 Nhf4 16. Bf1 Ng5 17. Ne1 Ngxh3+ 18.
gxh3 Nxh3+ 19. Kh2 Qh4 20. Ng2 Qf6 21. Rd6 Be6 22. Na4 Ng5 23. Nc5 Nf3+ 24. Kh1 g5 25.
Nxe6 fxe6 26. Be2 g4 27. Qd3 Qg6 28. Bxf3 gxf3 29. Ne1 Qh5+ 30. Kg1 Qg4+ 31. Kf1 Qh3+ 32.
Kg1 Rf6 33. Nxf3 Qxf3 34. Kf1 Raf8 35. Ke1 Rg6 36. Kd2 h5 37. Kc2 h4 38. Rd8 h3 39.
Rxf8+ Bxf8 40. Qf1 h2 41. Qh1 Qxd1+ 42. Qxd1 Rg1 43.
Qd7 h1=Q 44. Qxe6+ Kh7 45. Qf5+ Kg8 46. Qe6+ Kh8 47.
Qxe5+ Bg7 48. Qe8+ Kh7 49. Qe6 Qf3 50. Kb3 Rg6 51. Qe7 Qd1+ 52. Ka3 Qd6+ 53. Qxd6 Rxd6 54. Bxa7 Rd3+ 55. b3 Bc3 56. Ka4 Kg6 57. f4 Rf3 58.
f5+ Kf6 59. b4 Be5 60. b5 Rf4 61. Kb4 Rxe4 62. bxc6 bxc6 63. a4 Kxf5 64. a5 Ke6 65. Kc5 Bd4+ 0-1

[Event "*** Titled Tuesday Blitz"]
[Site "Chess.com"]
[Date "2018.05.01"]
[Round "4"]
[White "nOcHeaTiNgKiD"]
[Black "eljanov"]
[Result "0-1"]
[WhiteElo "2369"]
[BlackElo "2652"]
[TimeControl "180+2"]
[EndTime "13:54:49 PDT"]
[Termination "eljanov won by resignation"]

1. d4 Nf6 2. Nf3 e6 3. Bf4 b6 4. e3 Bb7 5. Nbd2 Be7 6. h3 c5 7. c3 O-O 8. Bd3 d6 9. O-O Nbd7 10. a4 a6 11. Bh2 Rc8 12. Qe2 Ra8 13.
e4 h6 14. Rfe1 Re8 15. e5 dxe5 16. dxe5 Nd5 17. Rad1 Bc6 18. Bxa6 Bxa4 19. Ra1 Bc6 20. Bb5 Qc7 21. Ne4 Qb7 22. Ba6 Qa7 23. Ra2 b5 24.
Rea1 Qb6 25. c4 Nb4 26. cxb5 Bxe4 27. Qxe4 Nxa2 28. Rxa2 c4 29. Bf4 Bc5 30. Qxc4 Bxf2+ 31. Kh2 Nf8 32. Qc6 Rad8 33. Qxb6 Bxb6 34. Nd2 Ng6 35. Nc4 Nxf4 36. Nxb6 Rd2 37. Kg3 g5 38. Bb7 Rb8 39.
Ra7 Rxb2 40. Nd7 Rd8 41. Nf6+ Kg7 42. Bc6 Rd3+ 43. Kg4 Nxg2 44. Ra8 Rb4+ 45. Be4 Rxe4+ 46. Nxe4 Rd4 47. Kf3 Nh4+ 48. Ke3 Nf5+ 49. Kf3 Rb4 50. Nf6 Ne7 51. Re8 Rxb5 52. Rxe7 Rxe5 53. Ng4 Ra5 54.
Rb7 h5 55. Ne3 Kg6 56. Rb6 Ra3 57. Ke4 g4 58. hxg4 hxg4 59. Nxg4 f5+ 60. Kf4 Ra4+ 61.
Kf3 fxg4+ 62. Kg3 Kf5 63. Rb8 Ra3+ 64. Kf2 e5 65. Rb4 e4 66. Rb8 Rf3+ 67. Kg2 e3 68. Rf8+ Ke4 69. Rg8 Rf2+ 70. Kg3 Rf1 71. Rxg4+ Kd3 72.
Kg2 e2 73. Rg3+ Kd2 0-1

[Event "*** Titled Tuesday Blitz"]
[Site "Chess.com"]
[Date "2018.05.01"]
[Round "4"]
[White "LuisFSiles"]
[Black "jk13"]
[Result "1/2-1/2"]
[WhiteElo "2243"]
[BlackElo "2509"]
[TimeControl "180+2"]
[EndTime "13:55:01 PDT"]
[Termination "Game drawn - insufficient material"]

1. e4 e5 2. Nf3 Nc6 3. Bc4 Bc5 4. O-O Nf6 5. d4 Bxd4 6. Nxd4 Nxd4 7. Bg5 Ne6 8. f4 exf4 9. Bxe6 dxe6 10. Qxd8+ Kxd8 11. e5 h6 12. Bh4 g5 13. exf6 gxh4 14. Rxf4 h3 15.
g3 e5 16. Re4 Re8 17. Rh4 a5 18.
Nc3 Ra6 19. Rxh6 Bf5 20. Rd1+ Kc8 21. Nd5 Kb8 22. Ne3 Bg6 23. Rf1 Ree6 24. Rh8+ Ka7 25. Nd5 Rac6 26. Ne7 Be4 27. Nxc6+ Rxc6 28. Re1 Bg2 29.
Rxe5 Rxc2 30. Rxa5+ Kb6 31. Ra3 c5 32. Rb3+ Kc6 33.
Rc3 Rxb2 34. Rc8+ Kd6 35. R8xc5 Bc6 36. Rc2 Rb1+ 37. Kf2 Ra1 38. R5c3 Ke6 39. Rxc6+ bxc6 40. Rxc6+ Kf5 41. Rc2 Kxf6 42. g4 Kg5 43. Kg3 Rd1 44. Rc5+ Kg6 45. Kxh3 Rd3+ 46. Kh4 Rd2 47. Rc6+ Kg7 48.
a4 Rxh2+ 49. Kg5 Ra2 50. Rc4 Ra3 51. Kf5 Ra1 52. Ke5 Kg6 53. Kd6 Ra2 54. Kc6 Kg5 55.
Rb4 Ra1 56. Kb6 Re1 57. a5 Re6+ 58. Ka7 Re7+ 59. Ka6 Re6+ 60. Kb5 Re5+ 61. Ka4 Re6 62. Rc4 f6 63. Kb5 Kh4 64. a6 Re5+ 65. Rc5 Re7 66.
Kb6 Kxg4 67. a7 Re8 68. Kb7 f5 69. Rc8 Re7+ 70. Rc7 Re8 71. Rg7+ Kf3 72. a8=Q Rxa8 73. Kxa8 f4 74. Kb7 Ke2 75. Re7+ Kd2 76. Rf7 Ke3 77.
Kc6 f3 78. Kd5 f2 79. Ke5 Ke2 80. Rxf2+ Kxf2 1/2-1/2

[Event "*** Titled Tuesday Blitz"]
[Site "Chess.com"]
[Date "2018.05.01"]
[Round "4"]
[White "RodinMihail"]
[Black "DenksportAcademie"]
[Result "1-0"]
[WhiteElo "2415"]
[BlackElo "2228"]
[TimeControl "180+2"]
[EndTime "13:55:01 PDT"]
[Termination "RodinMihail won by resignation"]

1. e4 e6 2. d4 d5 3. Nd2 dxe4 4. Nxe4 Bd7 5. Nf3 Bc6 6. Neg5 Nd7 7. Bd3 Be7 8. O-O Bxf3 9. Nxf3 Ngf6 10. Qe2 O-O 11.
Ne5 c5 12. Nxd7 Qxd7 13. dxc5 Bxc5 14. Bg5 Be7 15. Rad1 Qc7 16. c3 Rad8 17. Bb1 Rxd1 18. Rxd1 Rd8 19. Re1 Qd6 20. Qc2 g6 21. Qa4 a6 22.
Bc2 Nd5 23. Bh6 Bf8 24. Bc1 Bg7 25. h3 Nb6 26. Qh4 Qf8 27. Bg5 Rd5 28. Bb3 Rd7 29. Bc2 Nd5 30. a3 Ne7 31. Qe4 Nc6 32. Qh4 Qd6 33.
Rd1 Qc7 34. Rxd7 Qxd7 35. Qe4 Ne5 36. Be3 Qc6 37. Qxc6 Nxc6 38. Be4 Kf8 39. Kf1 Ke7 40. Ke2 Kd6 41. Kd2 Kc7 42. b4 Ne5 43. Kc2 Nc4 44.
Bc1 b5 45. Kb3 Be5 46. a4 f5 47. Bd3 Nd6 48. Be3 Bf6 49. Bc5 Nb7 50. Bf8 bxa4+ 51. Kxa4 Bxc3 52. Bxa6 e5 53. Bc4 Bd4 54. f3 e4 55.
fxe4 fxe4 56. Kb3 Nd6 57. Be2 Nf5 58. b5 Bb6 59. Bc4 Ne3 60. g4 Nxc4 61. Kxc4 Kd7 62. Bh6 Ke6 63. Bf4 h5 64. gxh5 gxh5 65. Bg3 Ba7 66.
Kb4 Bb6 67. Kc4 Ba7 68. Bc7 Kd7 69. b6 Bxb6 70. Bxb6 Ke6 71. Be3 Kf5 72. Kd5 1-0

[Event "*** Titled Tuesday Blitz"]
[Site "Chess.com"]
[Date "2018.05.01"]
[Round "4"]
[White "Manukyan_Artak"]
[Black "sandromareco"]
[Result "1-0"]
[WhiteElo "2381"]
[BlackElo "2597"]
[TimeControl "180+2"]
[EndTime "13:55:03 PDT"]
[Termination "Manukyan_Artak won by resignation"]

1. e4 e5 2. Nf3 Nc6 3. d4 exd4 4. Nxd4 Bc5 5. Nxc6 Qf6 6. Qf3 dxc6 7. Bc4 h5 8.
Nc3 Bg4 9. Qxf6 Nxf6 10. f3 Be6 11. Bxe6 fxe6 12. Ke2 O-O-O 13. Be3 Bb4 14. Nd1 e5 15. Nf2 Nd7 16. Rad1 b6 17. Nd3 Bd6 18. c3 a5 19. b3 Kb7 20. Nb2 b5 21. Rd3 Ra8 22.
Rhd1 Rhf8 23. a4 Nf6 24. c4 Ba3 25. Bc1 Rfe8 26. cxb5 cxb5 27. axb5 Bxb2 28. Bxb2 a4 29. bxa4 Rxa4 30. Rb3 Rea8 31. Bxe5 Ra2+ 32. Rd2 Ne8 33. Rbb2 Ra1 34. Kf2 Rh1 35. Rbc2 h4 36. Ke3 g5 37. Rd3 Re1+ 38. Re2 Rb1 39. Rb2 Re1+ 40. Re2 Rb1 41.
Rb2 Rf1 42. Rf2 Rg1 43. Rc2 Kb6 44. Rd7 Ra3+ 45. Rd3 Ra8 46. Bd4+ Kb7 47. Be5 Rh1 48. Rd7 Ra3+ 49. Rd3 Ra5 50. Rb3 Re1+ 51. Re2 Rc1 52. Rd2 Rc5 53. Bd4 Rc4 54. Rc3 Rxc3+ 55. Bxc3 Ra3 56.
Kd4 Nd6 57. Rb2 Ra4+ 58. Kd5 Nc4 59. Rb4 Ne3+ 60. Ke6 Ra3 61. Bf6 Nxg2 62. Bxg5 Rxf3 63. e5 h3 64. Kd5 Rd3+ 65. Rd4 Rb3 66. Kc4 Rb2 67. Re4 Rc2+ 68. Kd3 Rf2 69. e6 Rf8 70. e7 Re8 71. Ke2 Kb6 72. Re5 Kb7 73. Kf2 c6 74. bxc6+ Kxc6 75. Kg3 Kd6 76. Re2 Kc6 77. Kxh3 1-0

[Event "*** Titled Tuesday Blitz"]
[Site "Chess.com"]
[Date "2018.05.01"]
[Round "4"]
[White "FastChance"]
[Black "LastHeroJr"]
[Result "1-0"]
[WhiteElo "2653"]
[BlackElo "2441"]
[TimeControl "180+2"]
[EndTime "13:55:06 PDT"]
[Termination "FastChance won by resignation"]

1. e4 e5 2. Nf3 Nc6 3. Bb5 a6 4. Ba4 Nf6 5. d3 Bc5 6. O-O O-O 7. Bxc6 bxc6 8. Nxe5 d5 9. Nxc6 Qe8 10. exd5 Nxd5 11. d4 Bd6 12. Ne5 c5 13. Nc4 Bc7 14. dxc5 Qc6 15.
Nc3 Nxc3 16. bxc3 Qxc5 17. Ne3 Qxc3 18. Rb1 Qe5 19. g3 Bh3 20. Re1 Qe4 21. Qd5 Qa4 22. Bb2 Rad8 23. Qf3 Bc8 24. Nd5 Bd6 25. Nf6+ Kh8 26.
Qc3 Bb4 27. Qe5 Bxe1 28. Rxe1 Qb5 29. Qc3 Qf5 30. Nd5 f6 31. Ne7 Qd7 32. Nxc8 Rxc8 33. Qa3 Qc6 34. Re7 Rfd8 35. Re1 Qxc2 36. Ba1 Rd2 37.
Qe3 Rdd8 38. h4 Qf5 39. Kg2 Qd5+ 40. Kh2 h6 41. Qa7 Rd7 42. Qxa6 Rc2 43. Re8+ Kh7 44. Qb6 Qf3 45. Bd4 Rb7 46. Qe6 Rb1 47. Qe4+ Qxe4 48.
Rxe4 Rc4 49. Rf4 Rbb4 50. Be3 Rxf4 51. Bxf4 Ra4 52. Be3 Rxa2 53. Kg2 Kg6 54. g4 h5 55. Kf3 hxg4+ 56. Kxg4 Ra4+ 57. Kg3 Kh5 58. Bf4 Ra3+ 59. f3 Rb3 60. Bd6 Rd3 61. Bc7 Kg6 62. Kg4 Rd4+ 63.
Kg3 Kf5 64. Bb8 Rc4 65. Bd6 Ke6 66. Bf4 Ra4 67. Bc7 g6 68. Bf4 Kd5 69. Bc7 Kd4 70.
Bd8 Ke5 71. Bc7+ Kf5 72. Bb8 Ra1 73. Bc7 Rg1+ 74. Kf2 Rc1 75. Bd6 Ke6 76. Bf4 Kd5 77. Bxc1 Kd4 78. Kg3 Kd5 79. Bb2 Ke6 80. Kf4 Kf7 81.
Kg4 Ke6 82. f4 Kf7 83. f5 1-0

[Event "*** Titled Tuesday Blitz"]
[Site "Chess.com"]
[Date "2018.05.01"]
[Round "4"]
[White "FairChess_on_YouTube"]
[Black "michaelq2d5"]
[Result "0-1"]
[WhiteElo "2868"]
[BlackElo "2706"]
[TimeControl "180+2"]
[EndTime "13:55:22 PDT"]
[Termination "michaelq2d5 won by resignation"]

1. d4 d5 2. c4 dxc4 3. e3 Nf6 4. Bxc4 e6 5. Nf3 a6 6. O-O c5 7. b3 cxd4 8. Nxd4 Bd6 9. Bb2 O-O 10. Nd2 Qe7 11. Be2 e5 12. N4f3 Rd8 13. Qb1 Nc6 14.
Nc4 Bc7 15. Ba3 Qe6 16. Ng5 Qf5 17. Qxf5 Bxf5 18. Rad1 Bc2 19. Rc1 Bd3 20. Bxd3 Rxd3 21. Rfd1 Rad8 22. Rxd3 Rxd3 23. Kf1 e4 24. Ke2 Rd5 25.
h4 h6 26. Nh3 g5 27. hxg5 hxg5 28. Bb2 Nd7 29. Nd2 g4 30. Nf4 Bxf4 31. exf4 f5 32. Nc4 Kf7 33. Rh1 Nf8 34. Ne3 Ra5 35. a4 Ne6 36. g3 Ned4+ 37. Kf1 Nxb3 38. Rh7+ Ke6 39. Rxb7 Nc5 40. Rb6 Kd7 41. Nxf5 Kc7 42. Rxc6+ Kxc6 43. Nd4+ Kd5 44. Nc2 Rxa4 45. Ne3+ Kc6 46. Nxg4 Nd3 47. Bh8 Ra2 48. f5 Kd6 49. Bd4 Ra4 50. Be3 Ra1+ 51. Kg2 a5 52. Nh6 Ke5 53. f6 Rb1 54. f7 Rb8 55. g4 Kf6 56. g5+ Kg6 57. Ng4 Kxf7 58. Nf6 Rb4 59. Nd5 Rb1 60. Nc3 Rb4 61. Nd5 Rb5 62. Nc3 Re5 63. f4 exf3+ 64. Kxf3 Ne1+ 65. Kf4 Re8 66. Bb6 Nd3+ 67. Kg4 a4 68. Kh5 Rh8+ 69.
Kg4 a3 70. Kf5 Rh1 71. g6+ Kg8 72. Nd5 Rf1+ 73. Kg5 a2 74. Bd4 a1=Q 75. Ne7+ Kf8 76. g7+ Kxe7 77. Bxa1 Rxa1 78. Kg6 Ne5+ 79. Kh7 Rh1+ 80.
Kg8 Rg1 81. Kh8 Kf7 0-1

[Event "*** Titled Tuesday Blitz"]
[Site "Chess.com"]
[Date "2018.05.01"]
[Round "4"]
[White "tuttocalabria"]
[Black "ENEASZ"]
[Result "0-1"]
[WhiteElo "2151"]
[BlackElo "2447"]
[TimeControl "180+2"]
[EndTime "13:55:23 PDT"]
[Termination "ENEASZ won by resignation"]

1. d4 d5 2. Bf4 Nf6 3. e3 c5 4. Nf3 Nc6 5. c3 Qb6 6. Qb3 c4 7. Qc2 Bf5 8. Qc1 Nh5 9. Bg5 h6 10. Bh4 g5 11. Bg3 Nxg3 12. hxg3 Bg7 13. Nbd2 e6 14.
Be2 Qc7 15. b4 e5 16. b5 exd4 17. exd4 Ne7 18. O-O O-O 19. Re1 Rfe8 20. Nf1 Be4 21. Bd1 Nf5 22. Bc2 Nd6 23. a4 Qa5 24. Ne3 Qxc3 25. Bxe4 Qxc1 26. Raxc1 dxe4 27. Nd2 Rac8 28. Ndxc4 Nxc4 29. Rxc4 Rxc4 30. Nxc4 Bxd4 31. Nd6 Re6 32. Nxb7 e3 33. fxe3 Bxe3+ 34. Kf1 Kf8 35. Nd8 Rf6+ 36. Ke2 Bb6 37. Nc6 Rf2+ 38. Kd3 Ra2 39. Re4 f5 40.
Re5 Ra3+ 41. Ke2 Rxa4 42. Rxf5+ Kg7 43. Rd5 g4 44. Ne5 h5 45. Nd7 Ra2+ 46. Kf1 Rf2+ 47.
Ke1 Rxg2 48. Nxb6 axb6 49. Rxh5 Rxg3 50. Rd5 Rb3 51. Rd7+ Kf8 52. Rd5 Ke7 53. Kf2 Ke6 54. Rh5 Kd6 55. Rg5 g3+ 56. Ke2 Rc3 57. Kd2 Rf3 58. Ke2 Rf2+ 59. Ke3 Rb2 60. Kd4 g2 61.
Rg6+ Kd7 62. Kc4 Rf2 63. Kd5 Rd2+ 64. Kc4 Ke7 65. Kc3 Rf2 66. Kd4 Kf7 67. Rg3 Kf6 68. Ke3 Rb2 69. Rg8 Kf5 70. Kf3 Ke5 71. Rxg2 Rxg2 72. Kxg2 Kd4 73. Kf2 Kc5 74. Ke3 Kxb5 75. Kd2 Kb4 76. Kc2 Kc4 77. Kb2 Kb4 78. Kc1 Kb3 79.
Kb1 b5 80. Kc1 Ka2 81. Kc2 b4 0-1

[Event "*** Titled Tuesday Blitz"]
[Site "Chess.com"]
[Date "2018.05.01"]
[Round "4"]
[White "Blitzstream"]
[Black "Abund"]
[Result "0-1"]
[WhiteElo "2479"]
[BlackElo "2497"]
[TimeControl "180+2"]
[EndTime "13:55:45 PDT"]
[Termination "Abund won by resignation"]

1. g4 d5 2. Bg2 Bxg4 3. c4 c6 4. Qb3 Qb6 5. Qxb6 axb6 6. cxd5 Nf6 7. Nc3 g6 8. d4 Bg7 9. e4 O-O 10. Nge2 Rd8 11. Be3 Na6 12. a3 Nb4 13. Kd2 Na6 14. Rac1 Rac8 15. dxc6 bxc6 16. e5 Ne8 17. f4 b5 18. b4 e6 19. Ne4 Bxe2 20. Kxe2 Nb8 21. Nc5 Bf8 22. Rc3 Nc7 23. Nb7 Nd5 24. Bxd5 Rxd5 25.
Rhc1 Rd7 26. Na5 Rdc7 27. Bf2 Be7 28. Kf3 Kf8 29. Kg4 Bd8 30. Bh4 Bxh4 31. Kxh4 h6 32. Kg4 Ke7 33. Kf3 Kd7 34. Ke4 Rd8 35. Rc5 Rdc8 36.
h4 Ke8 37. R5c3 h5 38. Ra1 Nd7 39. Rac1 Nb8 40. Nb3 Nd7 41. Na5 Nb8 42. a4 bxa4 43. b5 Nd7 44. bxc6 Nb6 45. Rc5 Ra7 46. Nb7 Ke7 47. Nd6 Rca8 48. c7 Nc8 49. Nb5 Ra5 50. Nd6 Rxc5 51. Nxc8+ Rxc8 52. Rxc5 Kd7 53. Ra5 Rxc7 54.
Rxa4 Rb7 55. Ra6 Rb1 56. Ra7+ Ke8 57. Kf3 Rg1 58. Ra2 Rg4 59. Rh2 Kd7 60. Ke4 Kc6 61.
Rc2+ Kd7 62. Rh2 Rg3 63. Ra2 Rh3 64. Ra7+ Ke8 65. Ra8+ Ke7 66. d5 exd5+ 67. Kxd5 Rxh4 68. Ke4 Rh1 69. Ra7+ Kf8 70. Rb7 Rf1 71. Rc7 Ke8 72.
Ra7 Rf2 73. Ra8+ Ke7 74. Ra7+ Ke6 75. Ra6+ Ke7 76. Ra7+ Kf8 77. Rb7 Kg7 78. Ke3 Rf1 79.
Ke4 h4 80. Kd5 h3 81. Rb2 Rxf4 82. Rh2 Rh4 83. e6 fxe6+ 84. Kxe6 Kh6 85. Kf6 Kh5 86. Rh1 g5 87. Kf5 h2 88. Ke5 Kg4 0-1

[Event "*** Titled Tuesday Blitz"]
[Site "Chess.com"]
[Date "2018.05.01"]
[Round "4"]
[White "SmoothAsAHedgehog"]
[Black "SCIM"]
[Result "1/2-1/2"]
[WhiteElo "2526"]
[BlackElo "2377"]
[TimeControl "180+2"]
[EndTime "13:56:48 PDT"]
[Termination "Game drawn - timeout vs insufficient material"]

1. d4 d5 2. c4 e6 3. Nc3 Nf6 4. cxd5 exd5 5. Bg5 c6 6. Qc2 Be7 7. e3 Nbd7 8. Bd3 h6 9. Bh4 Nh5 10. Bxe7 Qxe7 11. Nge2 Nb6 12. O-O-O Nf6 13. Kb1 Bd7 14. Rc1 O-O-O 15. Na4 Nxa4 16. Qxa4 Kb8 17. Ng3 Rhe8 18.
Qa5 Qd6 19. Rc2 Qc7 20. Qa3 Bc8 21. Rhc1 Qd6 22. b4 Ne4 23. Qb2 Bd7 24. Bxe4 dxe4 25.
h3 f5 26. Ne2 g5 27. g3 Be6 28. Rc5 Bd5 29. Ka1 Re7 30. b5 cxb5 31. Qxb5 Be6 32. Nc3 Rc7 33. Na4 Rxc5 34. Nxc5 Bc8 35. Rb1 b6 36.
Nb3 Qd5 37. Qxd5 Rxd5 38. Rc1 Bd7 39. Nd2 Rd6 40. Nc4 Rc6 41. Kb2 Be6 42. Ne5 Rxc1 43. Kxc1 Bxa2 44. Kb2 Bd5 45. Kc3 Kc7 46. Kb4 a6 47. h4 Kd6 48. hxg5 hxg5 49. Ng6 Bf7 50. Ne5 Be6 51. Ng6 Bd5 52. Ne5 Kc7 53. Ng6 a5+ 54. Kb5 Bc6+ 55. Kc4 b5+ 56. Kc5 a4 57. Kb4 Kd6 58.
Ne5 Bd5 59. Ng6 Ke6 60. Ne5 Ke7 61. Ka3 Kd6 62. Kb4 Bb3 63. Ng6 Ke6 64. Ne5 Bd5 65.
Ng6 Bc4 66. Ne5 Ba2 67. Ka3 Bd5 68. Kb4 f4 69. gxf4 gxf4 70. exf4 Kf5 71. Nd7 Kxf4 72.
Nb6 Be6 73. d5 Bf5 74. d6 Kf3 75. d7 Bxd7 76. Nxd7 Kxf2 77. Nc5 e3 78. Kc3 e2 79. Nd3+ Ke3 80. Ne1 a3 81. Kb3 b4 82. Kc2 Kf2 83.
Nd3+ Kf1 84. Kd2 a2 85. Nc1 a1=Q 86. Nxe2 Qb2+ 87. Ke3 1/2-1/2